AoeStats
← JIJINz

Pilgrims

508834723Analyzed
4v4 RM · 9d ago on Sep 24, 2026· 46m 54s· 8 players
Game mode
Random Map
Map size
Large (8 player)
Population
200
Speed
Normal
Resources
Standard
Victory
Conquest
Starting age
Dark Age
Ending age
Imperial Age
RankedLock teamsTeams togetherTeam positionsShared explorationLock speedFull tech treeHidden civsTurbo modeCheats
Victory
Defeat
🇮🇹 Persians · Italy
1727
+11
🇯🇵 Varangians · Japan
1532
+18
🇨🇳 Mongols · China
1440
+22
🇨🇳 Vikings · China
1419
+23
🇲🇽 Persians · Mexico
1655
-21
🇭🇰 Varangians · Hong Kong SAR China
1616
-20
🇨🇿 Danes · Czechia
1599
-19
🇹🇼 Celts · Taiwan
1464
-14
JIJINz
10:11 Feudal Age
8:31 Loom
13:54 Castle Age
11:55 Double-Bit Axe
12:08 Fishing Lines
12:39 Fletching
14:43 Bodkin Arrow
14:41 Gillnets
16:58 Bow Saw
19:07 Wheelbarrow
18:17 Town Watch
19:23 Stone Mining
19:24 Gold Mining
20:36 Ballistics
21:19 Fervor
21:23 Scale Barding Armor
21:35 Bloodlines
23:47 Chain Barding Armor
23:46 Treadmill Crane
25:44 Horse Collar
27:37 Caravan
27:49 Clinker Construction
28:31 Forging
28:18 Town Watch
31:57 Imperial Age
30:03 Gold Mining
30:16 Heavy Plow
30:49 Husbandry
31:53 Iron Casting
33:22 Plate Barding Armor
32:51 Capped Ram
32:56 Cavalier
36:53 Siege Engineers
37:45 Bracer
38:47 Chemistry
38:46 Conscription
38:29 Guard Tower
40:47 Blast Furnace
39:15 Vendel Legacy
41:20 Two-Man Saw
45:28 Shipwright
45:30 Carvel Hull
45:50 Elite Longship
47:06 Squires
46:51 Gambesons
jakco
11:23 Feudal Age
12:19 Double-Bit Axe
15:03 Castle Age
12:57 Fishing Lines
13:50 Gold Mining
16:41 Medium Warships
18:27 Bow Saw
21:33 Clinker Construction
21:33 Careening
25:07 Horse Collar
28:07 Wheelbarrow
27:18 Loom
27:22 Town Watch
27:45 Heavy Plow
31:59 Imperial Age
29:27 Stone Mining
32:53 Caravan
33:44 Heavy Warships
34:49 Chemistry
36:04 Hand Cart
38:02 Forging
38:05 Elite Cannon Galleon
45:03 Scale Barding Armor
S6
6:13 Loom
12:08 Feudal Age
15:06 Forging
15:59 Scale Mail Armor
20:23 Castle Age
20:49 Double-Bit Axe
21:02 Fishing Lines
21:48 Bow Saw
23:02 Gillnets
30:45 Chain Mail Armor
31:06 Iron Casting
33:39 Imperial Age
36:08 Plate Mail Armor
37:15 Gold Mining
42:53 Elite Varangian Guard
44:35 Blast Furnace
44:14 Pikeman
46:17 Horse Collar
46:50 Capped Ram
男高杀手
11:41 Feudal Age
15:27 Castle Age
14:33 Double-Bit Axe
15:50 Loom
16:25 Fletching
17:41 Gold Mining
17:33 Horse Collar
18:07 Bow Saw
20:20 Bodkin Arrow
25:01 Wheelbarrow
24:53 Padded Archer Armor
27:36 Leather Archer Armor
28:32 Ballistics
34:16 Imperial Age
32:44 Hand Cart
32:23 Town Watch
34:27 Elite Mangudai
35:47 Bracer
37:07 Chemistry
36:40 Husbandry
37:53 Conscription
38:50 Bloodlines
39:40 Murder Holes
39:56 Masonry
40:33 Light Cavalry
41:19 Scale Barding Armor
43:44 Forging
44:51 Chain Barding Armor
45:35 Iron Casting
46:54 Hussar
VX | Obligame Perro!
4:23 Loom
9:37 Feudal Age
13:59 Castle Age
12:33 Double-Bit Axe
15:44 Fletching
28:34 Bodkin Arrow
28:25 Town Watch
30:16 Ballistics
34:42 Wheelbarrow
34:52 Scale Barding Armor
36:22 Chain Barding Armor
42:27 Hand Cart
Kontraman666
11:25 Feudal Age
16:05 Castle Age
15:00 Double-Bit Axe
15:08 Town Watch
16:06 Loom
17:01 Medium Warships
18:57 Wheelbarrow
18:06 Horse Collar
24:10 Bow Saw
24:33 Stone Mining
25:59 Gold Mining
32:08 Imperial Age
30:28 Gold Shaft Mining
30:10 Scale Mail Armor
30:24 Forging
31:11 Hand Cart
31:05 Arson
31:21 Squires
32:18 Chain Mail Armor
33:31 Plate Mail Armor
34:43 Conscription
34:50 Siege Engineers
35:47 Chemistry
37:16 Iron Casting
37:59 Masonry
38:02 Fletching
39:08 Ballistics
38:44 Bodkin Arrow
45:52 Blast Furnace
Sun
11:08 Feudal Age
9:29 Loom
11:15 Feudal Age
15:43 Castle Age
17:08 Medium Warships
17:25 Double-Bit Axe
18:57 Husbandry
19:34 Scale Barding Armor
19:43 Bloodlines
20:44 Fishing Lines
21:00 Horse Collar
22:51 Town Watch
28:29 Bow Saw
29:25 Wheelbarrow
29:16 Fletching
34:17 Imperial Age
33:19 Ballistics
33:15 Bodkin Arrow
35:48 Bracer
39:59 Conscription
39:44 Scale Mail Armor
39:13 Pikeman
40:11 Squires
39:51 Halberdier
47:37 Chemistry
JINJIN
5:20 Loom
12:28 Feudal Age
13:46 Double-Bit Axe
16:13 Castle Age
14:54 Fletching
15:01 Gold Mining
16:59 Bodkin Arrow
17:17 Medium Warships
19:18 Fishing Lines
20:29 Ballistics
25:30 Wheelbarrow
26:13 Horse Collar
36:56 Imperial Age
37:49 Furor Celtica
37:59 Heavy Scorpion
38:54 Capped Ram
41:06 Siege Ram
Connection lost

Rejoining the realm…

Still unreachable

The connection could not be restored.

Session expired

The server has moved on; the page needs a fresh start.